Map: [ESL] Oceanborn

Players

Cure - Winner!

  • Race: Terran Terran
  • Spawn Location: 11:00

Astrea

  • Race: Protoss Protoss
  • Spawn Location: 5:00

Event: ESL SC2 Masters 2023 Winter (Finals)

VOD

Have the link to the VOD?

Description

Time

  • Played on: Dec. 15, 2023, 10:33 a.m.
  • Length: 13:15

All games in this series

Show
View Real Time Build Order
Export as new Build Order

Cure Terran - Winner!

Build Orders:  

Get SALT Encoding   

  12  0:00  SCV  
  13  0:12  SCV  
  14  0:17  Supply Depot  
  14  0:24  SCV  
  15  0:39  SCV  
  15  0:41  Barracks  
  16  0:48  Refinery  
  16  0:59  Barracks  
  16  1:02  SCV  
  17  1:14  SCV  
  18  1:27  Orbital Command  
  18  1:28  Barracks Tech Lab  
  18  1:44  Supply Depot  
  18  1:46  Barracks Tech Lab  
  20  1:47  Marauder  
  20  1:53  SCV  
  21  1:59  Concussive Shells  
  23  2:08  SCV, Marauder  
  24  2:17  Marauder  
  26  2:22  Bunker  
  26  2:24  Supply Depot  
  26  2:29  Marauder  
  27  2:30  SCV  
  28  2:40  Marauder  
  28  2:42  SCV  
  31  2:46  Supply Depot  
  31  2:51  Marauder  
  33  2:54  SCV  
  33  2:57  Refinery  
  34  3:02  Marauder  
  36  3:07  SCV  
  33  3:16  Marauder  
  33  3:19  SCV  
  33  3:31  SCV  
  33  3:32  Marine  
  33  3:34  Supply Depot  
  31  3:37  Marine  
  31  3:40  Factory  
  30  3:44  SCV  
  30  3:45  Bunker  
  31  3:56  SCV  
  32  4:08  SCV  
  33  4:12  Command Center  
  33  4:23  Cyclone  
  35  4:25  Starport  
  35  4:27  SCV  
  36  4:39  SCV  
  36  4:41  Barracks  
  37  4:51  SCV  
  38  4:55  Factory Tech Lab  
  38  4:59  Supply Depot  
  38  5:03  Viking  
  38  5:05  SCV  
  41  5:11  Barracks Reactor  
  41  5:15  Siege Tank  
  41  5:17  SCV  
  45  5:25  Barracks  
  45  5:32  Orbital Command  
  45  5:36  SCV  
  46  5:44  Starport Tech Lab  
  46  5:46  Barracks Tech Lab  
  46  5:48  SCV  
  46  5:49  Marine x2  
  49  5:51  Orbital Command  
  49  5:56  Siege Tank  
  52  6:01  SCV  
  53  6:11  Marine  
  53  6:12  Stimpack, Marine x2  
  53  6:13  SCV  
  53  6:18  Raven, SCV  
  59  6:21  Marine  
  59  6:25  SCV  
  62  6:27  Supply Depot  
  62  6:31  Refinery  
  62  6:32  SCV  
  63  6:34  Marine  
  63  6:36  Marine x2  
  63  6:37  SCV  
  67  6:44  Engineering Bay  
  67  6:46  SCV, Supply Depot  
  68  6:49  SCV  
  69  6:55  Marine x3  
  69  6:59  Combat Shield, Factory Reactor, Marine  
  69  7:01  SCV  
  74  7:02  SCV  
  74  7:04  Medivac  
  77  7:11  Refinery  
  77  7:14  Terran Infantry Weapons Level 1, Supply Depot  
  77  7:17  SCV x2  
  77  7:18  Marine x2  
  77  7:20  Marine  
  82  7:25  Marauder  
  82  7:28  Marauder  
  86  7:36  Supply Depot, SCV x2  
  86  7:43  Marauder, Marine x2  
  90  7:45  Supply Depot  
  90  7:46  Factory Reactor, Marauder  
  90  7:47  Medivac  
  94  7:58  Marauder, Medivac  
  98  7:59  Supply Depot  
  98  8:06  Marine x2, Marauder  
  98  8:08  Marauder  
  104  8:20  Medivac  
  106  8:27  Marauder, Marine x2  
  106  8:28  Marauder  
  106  8:29  Command Center  
  106  8:30  Medivac  
  114  8:40  Widow Mine x2  
  118  8:43  Supply Depot x2  
  118  8:50  Barracks  
  118  8:51  Marauder x2  
  118  8:54  Marauder  
  124  8:58  SCV  
  124  8:59  SCV  
  112  9:17  Marauder x3, Marine x2  
  112  9:23  SCV x2  
  103  9:24  Widow Mine x2  
  103  9:26  Viking  
  104  9:35  SCV x2  
  104  9:36  Marine  
  109  9:38  Marauder  
  109  9:39  Marauder  
  111  9:45  Marine  
  111  9:46  Barracks Reactor  
  111  9:47  Viking  
  111  9:48  Terran Infantry Armor Level 1  
  111  9:52  Orbital Command  
  114  9:58  Viking  
  116  10:05  Marauder, Marine x2  
  116  10:06  Marauder  
  122  10:07  Marine  
  122  10:09  Widow Mine x2  
  127  10:16  Ghost Academy  
  127  10:23  Marine  
  127  10:25  Marauder  
  127  10:27  Marauder  
  128  10:29  SCV x3  
  129  10:36  Widow Mine x2, Medivac x2  
  129  10:41  Refinery x2  
  137  10:47  SCV x3  
  140  10:52  Ghost x2  
  140  10:53  Ghost  
  140  10:57  Marine x3  
  148  11:10  Medivac x2  
  152  11:14  Armory  
  152  11:16  Supply Depot  
  152  11:17  Engineering Bay  
  152  11:23  Widow Mine x2  
  156  11:29  Supply Depot  
  156  11:30  Supply Depot  
  156  11:43  Marauder x3, Marine x3  
  156  11:46  Supply Depot  
  165  11:47  Supply Depot  
  165  11:50  Command Center  
  165  11:51  Marine  
  166  11:54  Viking x2  
  169  12:04  Widow Mine  
  169  12:05  Widow Mine  
  175  12:08  Marauder  
  175  12:12  Marauder  
  175  12:13  Marauder, Marine  
  180  12:20  Marine x3  
  183  12:33  Ghost x2  
  183  12:34  Marine x2  
  186  12:38  Marine x2  
  182  12:46  Marine  
  187  12:52  Marine  
  187  12:53  Marauder  
  187  12:56  Marine x2  
Show
View Real Time Build Order
Export as new Build Order

Astrea Protoss 

Build Orders:  

Get SALT Encoding   

  12  0:00  Probe  
  13  0:12  Probe  
  14  0:17  Pylon  
  14  0:24  Probe (Chrono Boost)  
  16  0:36  Gateway  
  16  0:37  Probe (Chrono Boost)  
  16  0:42  Probe (Chrono Boost)  
  16  0:44  Assimilator  
  17  0:51  Probe  
  18  1:03  Probe  
  19  1:15  Probe  
  20  1:23  Cybernetics Core  
  20  1:31  Probe  
  21  1:34  Pylon  
  21  1:35  Assimilator  
  21  1:44  Probe  
  22  1:56  Probe  
  22  1:58  Stalker (Chrono Boost)  
  22  1:59  Pylon  
  25  2:03  Shield Battery  
  25  2:08  Probe  
  26  2:21  Robotics Facility  
  26  2:25  Stalker  
  28  2:39  Gateway x2  
  28  2:46  Probe  
  29  2:55  Sentry  
  31  3:01  Pylon  
  31  3:06  Immortal (Chrono Boost)  
  32  3:21  Probe  
  29  3:33  Probe  
  25  3:41  Warp Prism (Chrono Boost)  
  25  3:45  Probe  
  28  3:49  Warp Gate  
  28  3:50  Sentry  
  30  3:57  Probe  
  31  4:09  Probe  
  32  4:19  Observer (Chrono Boost)  
  32  4:21  Probe  
  34  4:30  Nexus  
  34  4:33  Probe  
  35  4:46  Probe  
  36  4:58  Probe  
  37  5:06  Observer  
  37  5:09  Immortal (Chrono Boost)  
  37  5:10  Probe  
  37  5:12  Observer  
  42  5:22  Probe  
  42  5:27  Nexus  
  43  5:34  Probe  
  44  5:42  Probe  
  41  5:46  Probe  
  40  5:55  Probe  
  41  5:59  Observer  
  41  6:00  Robotics Bay  
  41  6:04  Sentry, Probe  
  43  6:07  Assimilator, Probe  
  43  6:09  Forge  
  45  6:16  Probe  
  46  6:19  Pylon, Probe  
  46  6:20  Immortal (Chrono Boost)  
  51  6:25  Sentry  
  51  6:29  Probe  
  51  6:31  Pylon  
  54  6:34  Probe  
  55  6:40  Pylon  
  55  6:41  Shield Battery, Probe  
  55  6:43  Probe  
  55  6:46  Protoss Ground Weapons Level 1  
  57  6:48  Probe  
  57  6:53  Probe  
  59  6:55  Probe  
  59  7:00  Probe, Colossus (Chrono Boost)  
  61  7:05  Probe  
  61  7:07  Probe  
  69  7:12  Twilight Council, Probe  
  70  7:17  Probe  
  70  7:19  Probe  
  72  7:24  Probe  
  72  7:25  Phoenix  
  72  7:28  Stalker x2  
  72  7:29  Probe  
  76  7:32  Probe  
  76  7:36  Probe  
  74  7:41  Probe  
  74  7:43  Colossus (Chrono Boost)  
  75  7:49  Assimilator, Probe x2  
  83  7:53  Pylon  
  83  7:54  Probe  
  83  7:57  Observer, Blink  
  84  8:01  Probe x2  
  86  8:05  Photon Cannon  
  86  8:06  Probe  
  86  8:08  Pylon  
  86  8:12  Extended Thermal Lance  
  87  8:13  Probe x2  
  89  8:22  Probe  
  89  8:25  Photon Cannon, Stalker  
  91  8:27  Pylon  
  91  8:28  Stalker  
  91  8:29  Stalker  
  91  8:34  Shield Battery  
  95  8:43  Disruptor (Chrono Boost)  
  95  8:44  Gateway  
  95  8:46  Gateway  
  99  8:50  Gateway  
  99  8:53  Pylon  
  99  8:54  Zealot x2  
  103  8:57  Protoss Ground Weapons Level 2 (Chrono Boost), Zealot  
  103  8:59  Archon x4  
  102  9:15  Zealot x2  
  95  9:18  Zealot  
  95  9:20  Nexus  
  83  9:33  Probe x2  
  85  9:42  Stalker x4  
  85  9:44  Phoenix  
  93  9:48  Photon Cannon  
  93  9:50  Probe  
  94  9:53  Probe  
  94  9:58  Charge  
  95  10:00  Pylon  
  95  10:01  Shield Battery  
  94  10:18  Probe x2  
  94  10:19  Pylon  
  81  10:23  Stalker  
  81  10:24  Stalker x2  
  77  10:30  Probe (Chrono Boost)  
  77  10:33  Photon Cannon  
  78  10:36  Probe x2 (Chrono Boost)  
  78  10:44  Colossus  
  78  10:47  Probe x2 (Chrono Boost)  
  78  10:48  Probe (Chrono Boost)  
  87  10:56  Stalker x2  
  90  10:59  Stalker  
  92  11:08  Protoss Ground Armor Level 1 (Chrono Boost)  
  92  11:09  Zealot x3  
  98  11:15  Probe x3  
  101  11:26  Pylon  
  101  11:29  Probe  
  102  11:37  Zealot x3  
  102  11:38  Observer (Chrono Boost)  
  102  11:39  Pylon  
  109  11:41  Pylon  
  109  11:47  Stalker x2  
  109  11:49  Stalker  
  109  11:53  Warp Prism (Chrono Boost)  
  117  11:56  Pylon  
  117  12:00  Pylon  
  117  12:03  Observer  
  117  12:07  Nexus  
  115  12:13  Stalker x2  
  115  12:15  Stalker  
  121  12:18  Zealot x2  
  121  12:21  Zealot  
  127  12:27  Observer  
  117  12:43  Stalker x6  
  128  13:02  Nexus  
  121  13:08  Zealot x6  
Tags
 
Add a new tag
Caveats
  • Supply blocks, unpowered buildings, or Contaminate may cause inaccurate times.
  • Supply counts are checked every 10 seconds.